Map: Ulrena

Players

CMD - Winner!

  • Race: Terran Terran

K.I.-1 (Hart)

  • Race: Protoss Protoss

VOD

Have the link to the VOD?

Description

Time

  • Played on: Jan. 10, 2016, 6:25 p.m.
  • Length: 7:28
Show
View Real Time Build Order
Export as new Build Order

CMD Terran - Winner!

Build Orders: MMM Bio 

Get SALT Encoding   

  12  0:01  SCV  
  13  0:13  SCV  
  14  0:18  Supply Depot  
  14  0:25  SCV  
  15  0:39  SCV  
  16  0:43  Barracks  
  16  0:51  Refinery  
  16  0:52  SCV  
  17  1:01  Barracks  
  17  1:07  SCV  
  18  1:19  SCV  
  19  1:34  Orbital Command  
  19  1:37  Barracks Tech Lab  
  19  1:41  Barracks  
  19  1:48  Marine  
  20  2:01  Marine  
  20  2:05  Stimpack  
  20  2:06  Marine  
  22  2:25  Barracks Reactor  
  22  2:27  Supply Depot, Marine  
  23  2:41  Barracks Reactor  
  23  2:49  Marauder  
  25  2:52  Supply Depot  
  25  3:02  Marine x2  
  27  3:10  Marauder  
  29  3:18  Marine  
  29  3:19  Supply Depot, Marine  
  31  3:22  Marine x2  
  33  3:35  Marauder  
  33  3:38  Marine  
  33  3:39  Marine  
  37  3:45  Marine  
  37  3:46  Marine  
  39  3:56  Marauder  
  39  3:57  Marine x2  
  43  4:05  Supply Depot, Marine x2  
  45  4:12  Combat Shields  
  45  4:15  Marine x2  
  45  4:18  Marauder  
  45  4:23  Marine x2  
  37  4:33  Marine x2  
  39  4:46  Marine x3  
  36  5:08  Marine x2  
  36  5:09  Marine x2  
  38  5:19  Marine  
  36  5:26  Marine x4  
  40  5:36  Marine  
  37  5:49  Marine x4  
  38  5:55  Marauder  
  38  6:07  Marine x2  
  38  6:09  Marine x2  
  40  6:16  Marauder  
  42  6:25  Marine x2  
  39  6:27  Marine  
  36  6:38  Marauder  
  37  6:40  Marine  
  37  6:42  Marine  
  37  6:43  Marine  
  39  6:49  Marine  
  40  6:58  Marine  
  40  6:59  Marauder  
  40  7:00  Marine x2  
  44  7:07  Marine  
Show
View Real Time Build Order
Export as new Build Order

K.I.-1 (Hart) Protoss 

Build Orders:  

Get SALT Encoding   

  12  0:01  Probe (Chrono Boost)  
  13  0:11  Probe (Chrono Boost)  
  14  0:20  Pylon  
  14  0:22  Probe (Chrono Boost)  
  15  0:38  Probe (Chrono Boost)  
  16  0:48  Assimilator  
  16  0:49  Probe (Chrono Boost)  
  17  0:50  Gateway  
  17  0:59  Probe (Chrono Boost)  
  17  1:02  Pylon  
  18  1:10  Probe (Chrono Boost)  
  19  1:22  Probe (Chrono Boost)  
  20  1:36  Zealot  
  22  1:41  Cybernetics Core  
  22  1:44  Gateway  
  22  1:47  Assimilator  
  22  1:59  Zealot  
  24  2:09  Pylon  
  24  2:25  Zealot  
  26  2:30  Stalker  
  26  2:34  Warp Gate  
  28  2:39  Pylon  
  28  2:50  Adept  
  30  2:59  Zealot  
  32  3:16  Zealot  
  34  3:21  Pylon  
  34  3:26  Zealot  
  36  3:43  Zealot  
  38  3:52  Stalker, Probe (Chrono Boost)  
  41  4:01  Pylon  
  42  4:03  Probe (Chrono Boost)  
  42  4:09  Adept  
  42  4:15  Probe (Chrono Boost)  
  44  4:20  Stalker  
  38  4:26  Probe (Chrono Boost)  
  39  4:44  Zealot  
  42  4:46  Probe (Chrono Boost)  
  42  4:57  Stalker, Probe (Chrono Boost)  
  45  5:03  Forge  
  39  5:07  Zealot  
  39  5:09  Probe (Chrono Boost)  
  38  5:20  Zealot  
  38  5:30  Zealot  
  40  5:40  Zealot  
  32  5:50  Adept  
  30  6:00  Zealot  
  31  6:09  Adept  
  28  6:19  Stalker  
  26  6:27  Stalker  
  24  6:33  Nexus  
  24  6:40  Adept  
  22  6:49  Zealot  
  24  6:59  Zealot  
  22  7:07  Zealot  
  15  7:18  Stalker  
Tags
 
Composition
MMM Bio
Matchup
PvT
Add a new tag
Caveats
  • Supply blocks, unpowered buildings, or Contaminate may cause inaccurate times.
  • Supply counts are checked every 10 seconds.